 Dungeon Crawl Stone Soup version 0.29.1-15-g9cfb28693d (webtiles) character file.

Game seed: 1304304422693629949

130 ThatPearl the Ducker (level 4, -2/52 HPs)
             Began as a Demonspawn Gladiator on Mar 9, 2023.
             Slain by a gnoll
             ... wielding a +0 flail
              (4 damage)
             ... on level 3 of the Dungeon.
             The game lasted 00:05:16 (2163 turns).

ThatPearl the Ducker (Demonspawn Gladiator)         Turns: 2163, Time: 00:05:17

Health: -2/52      AC: 15    Str: 14    XL:     4   Next: 90%
Magic:  4/4        EV: 12    Int: 11    God:
Gold:   33         SH:  0    Dex: 17    Spells: 1/3 levels left

rFire   . . .      SeeInvis .   a - +0 war axe
rCold   . . .      Faith    .   (no shield)
rNeg    . . .      Spirit   .   o - +5 ring mail of Noon {+Inv Dex+2}
rPois   .          Reflect  .   c - +0 helmet
rElec   .          Harm     .   i - +0 cloak
rCorr   .          Rampage  .   r - +0 pair of gloves
Will    .....                   (no boots)
Stlth   ..........              (no amulet)
HPRegen 0.17/turn               (no ring)
MPRegen 0.09/turn               (no ring)

@: berserking, very quick
A: slimy green scales 1
a: Evoke Invisibility


You were on level 3 of the Dungeon.
You visited 1 branch of the dungeon, and saw 3 of its levels.

You collected 88 gold pieces.
You spent 55 gold pieces at shops.

Inventory:

Hand Weapons
 a - a +0 war axe (weapon)
Missiles
 d - 3 throwing nets (quivered)
 e - a javelin
 g - 24 stones
Armour
 c - a +0 helmet (worn)
 i - a +0 cloak (worn)
 o - the +5 ring mail of Noon (worn) {+Inv Dex+2}
   (You found it on level 2 of the Dungeon)

   Dex:       It affects your dexterity (+2).
   +Inv:      It lets you turn invisible.
 r - a +0 pair of gloves (worn)
Scrolls
 b - a scroll of butterflies {unknown}
 h - a scroll of amnesia {unknown}
 j - a scroll of brand weapon {unknown}
 m - 3 scrolls of teleportation
Potions
 f - a potion of experience {unknown}
 k - a potion of heal wounds {unknown}
 n - a potion of might {unknown}
 p - a potion of cancellation {unknown}
 q - a potion of lignification {unknown}


   Skills:
 + Level 3.2 Fighting
 + Level 3.6 Axes
 - Level 1.7 Throwing
 + Level 3.6 Dodging
 + Level 0.9 Evocations


You had one spell level left.
You knew the following spells:

 Your Spells              Type           Power      Damage    Failure   Level
b - Blink                 Tloc           0%         N/A       73%         2

Your spell library contained the following spells:

 Spells                   Type           Power      Damage    Failure   Level
 Lesser Beckoning         Tloc           0%         N/A       91%         3
 Manifold Assault         Tloc           0%         N/A       100%        5


Dungeon Overview and Level Annotations

Branches:
Dungeon (3/15)

Altars:

Shops:
D:2 ?


Innate Abilities, Weirdness & Mutations

You are partially covered in slimy green scales. (AC +2)


Message History

You barely miss the gnoll.
The gnoll is severely wounded.
The gnoll misses you. The gnoll barely misses you.
You hit the gnoll. Your punch misses the gnoll.
The gnoll is almost dead.
The gnoll hits you but does no damage.
You slash the gnoll!
You kill the gnoll!
You barely miss the gnoll. The gnoll hits you but does no damage.
The gnoll closely misses you.
You barely miss the gnoll. The gnoll hits you but does no damage.
You hit the gnoll.
The gnoll is lightly wounded.
The gnoll hits you with a +0 flail.
You barely miss the gnoll.
The gnoll is lightly wounded.
The gnoll hits you but does no damage. x2
You hit the gnoll but do no damage.
The gnoll is lightly wounded.
The gnoll closely misses you.
You hit the gnoll.
The gnoll is heavily wounded.
The gnoll closely misses you.
You closely miss the gnoll.
The gnoll is heavily wounded.
The gnoll hits you with a +0 flail!
* * * LOW HITPOINT WARNING * * *
The gnoll attacks as you move away! The gnoll hits you with a +0 flail.
* * * LOW HITPOINT WARNING * * *
The jackal attacks as you move away!
The jackal bites you but does no damage.
The gnoll attacks as you move away! The gnoll closely misses you.
The gnoll attacks as you move away! The gnoll hits you with a +0 flail!
* * * LOW HITPOINT WARNING * * *
There is a stone staircase leading down here.
You aren't carrying any items that you can evoke.
A red film seems to cover your vision as you go berserk!
You feel yourself moving faster!
You feel mighty! The gnoll hits you with a +0 flail.
You die...

#####.# #......# #.........#
#o###......# #........##
#####..........# #####....##
#........o..###### #####.##.#.
#...........##### ####.#...##.#.
#..........h...h# #........##.#.
#...........###h####..#.†......#.
#.........†.# #g#.....#.########.
#...........# #.@.....#.# #.
#...........# #########.# #.
..........# #.# #. ########## #..
###


You could see a gnoll and 2 jackals.

Vanquished Creatures
  Natasha (twice) (D:2)
  A gnoll (D:3)
  2 adders
  2 dart slugs
  An orc (D:3)
  A ball python (D:1)
  3 bats
  6 endoplasms
  2 giant cockroaches (D:2)
  4 goblins
  5 hobgoblins (D:1)
  A jackal (D:3)
  3 kobolds
  5 quokkas
  4 frilled lizards
  A rat (D:1)
43 creatures vanquished.

Notes
Turn   | Place    | Note
-------+----------+-------------------------------------------
     0 | D:1      | ThatPearl the Demonspawn Gladiator began the quest for the
                  | Orb.
     0 | D:1      | Reached XP level 1. HP: 16/16 MP: 1/1
   320 | D:1      | Gained mutation: You are partially covered in slimy green
                  | scales. (AC +2) [demonic ancestry]
   320 | D:1      | Reached XP level 2. HP: 14/22 MP: 2/2
  1027 | D:2      | Found a faded altar of an unknown god.
  1183 | D:2      | Noticed Natasha
  1193 | D:2      | Noticed a crimson imp
  1195 | D:2      | Killed Natasha
  1196 | D:2      | Reached XP level 3. HP: 16/28 MP: 3/3
  1563 | D:2      | Found Wesmetek's Magic Scroll Emporium.
  1566 | D:2      | Bought a scroll of identify for 22 gold pieces
  1566 | D:2      | Bought a scroll of teleportation for 33 gold pieces
  1598 | D:2      | Learned a level 2 spell: Blink
  1622 | D:2      | Reached XP level 4. HP: 34/34 MP: 4/4
  1724 | D:2      | Identified the +5 ring mail of Noon {+Inv Dex+2}
  1877 | D:2      | Noticed Natasha
  1889 | D:2      | Killed Natasha
  2162 | D:3      | HP: 1/35 [gnoll/+0 flail (7)]
  2163 | D:3      | Slain by a gnoll

Illustrated notes

Levels and vault maps discovered:
D:1:      wander_arrival_peaceful_grave, layout_basic
D:2:      layout_loops_ring, serial_shops, nicolae_shop_behind_doors,
          ebering_ecumenical_altar_box, minmay_tetromino_t4, uniq_natasha
D:3:      layout_basic

Skill      XL: |  1  2  3  4 |
---------------+-------------+-----
Axes           | 3 |  3.6
Dodging        | 3 |  3.6
Fighting       | 3 |  3.2
Throwing       | |  1.7
Evocations     | |  0.9

Action                   |  1- 3 |  4- 6 || total
-------------------------+-------+-------++-------
Melee: War axe           |    85 |    53 ||   138
Throw: Stone             |     6 |       ||     6
  Use: Scroll            |     2 |       ||     2
       Potion            |       |     1 ||     1
Armor: Leather armour    |    21 |       ||    21
       Scale mail        |    15 |       ||    15
       Ring mail         |       |    24 ||    24
Dodge: Dodged            |    53 |    28 ||    81
